Map: Apotheosis LE

Players

Fropez

  • Race: Protoss Protoss
  • League: Gold
  • Spawn Location: 11:00

Dionysus - Winner!

  • Race: Protoss Protoss
  • League: Silver
  • Spawn Location: 5:00

VOD

Have the link to the VOD?

Description

Time

  • Played on: Nov. 12, 2016, 8:04 p.m.
  • Length: 16:00
Show
View Real Time Build Order
Export as new Build Order

Fropez Protoss 

Build Orders:  

Get SALT Encoding   

  12  0:01  Probe (Chrono Boost)  
  13  0:12  Probe (Chrono Boost)  
  14  0:18  Pylon  
  14  0:22  Probe (Chrono Boost)  
  15  0:35  Assimilator  
  15  0:37  Probe (Chrono Boost)  
  16  0:43  Gateway  
  16  0:51  Probe (Chrono Boost)  
  17  1:02  Probe (Chrono Boost)  
  18  1:04  Gateway  
  18  1:13  Probe (Chrono Boost)  
  18  1:16  Assimilator  
  19  1:24  Probe (Chrono Boost)  
  20  1:46  Nexus  
  20  1:50  Probe (Chrono Boost)  
  21  2:01  Pylon  
  21  2:06  Pylon  
  20  2:16  Probe (Chrono Boost)  
  21  2:25  Cybernetics Core  
  21  2:27  Probe (Chrono Boost)  
  22  2:37  Probe (Chrono Boost)  
  23  2:48  Probe (Chrono Boost)  
  25  2:58  Probe (Chrono Boost)  
  25  3:00  Gateway  
  25  3:03  Mothership Core (Chrono Boost)  
  27  3:09  Probe (Chrono Boost), Stalker  
  30  3:16  Stalker, Warp Gate (Chrono Boost)  
  32  3:21  Probe  
  33  3:27  Probe  
  34  3:35  Probe  
  34  3:36  Pylon  
  34  3:38  Probe  
  36  3:42  Stalker  
  36  3:47  Probe  
  39  3:51  Probe, Stalker  
  43  4:02  Probe  
  43  4:03  Twilight Council  
  43  4:06  Probe  
  44  4:16  Stalker  
  46  4:19  Probe  
  47  4:25  Probe  
  47  4:26  Pylon  
  48  4:33  Probe  
  48  4:34  Assimilator  
  49  4:40  Blink (Chrono Boost)  
  49  4:46  Pylon  
  49  4:50  Probe, Gateway  
  49  4:51  Probe  
  49  4:52  Assimilator  
  51  5:02  Robotics Facility  
  51  5:03  Robotics Facility  
  51  5:08  Probe  
  51  5:09  Pylon  
  52  5:20  Stalker x3  
  58  5:22  Probe  
  58  5:23  Probe  
  60  5:34  Probe  
  60  5:35  Pylon, Probe  
  62  5:52  Probe  
  63  5:58  Adept  
  63  5:59  Adept x2  
  63  6:00  Probe  
  70  6:04  Probe  
  70  6:05  Warp Prism  
  70  6:06  Observer  
  74  6:16  Probe x2  
  76  6:29  Stalker x4  
  84  6:33  Gateway  
  84  6:34  Probe  
  84  6:35  Probe  
  84  6:36  Pylon  
  84  6:39  Resonating Glaives (Chrono Boost)  
  86  6:42  Pylon  
  86  6:46  Probe  
  87  6:52  Immortal  
  91  6:55  Immortal  
  91  6:58  Pylon  
  95  7:02  Probe x2  
  95  7:05  Pylon  
  95  7:14  Probe x2  
  97  7:17  Nexus  
  97  7:20  Gateway  
  97  7:26  Probe x2  
  99  7:31  Immortal  
  99  7:34  Immortal  
  107  7:38  Stalker x2  
  111  8:02  Assimilator  
  111  8:05  Assimilator  
  111  8:09  Pylon  
  111  8:12  Pylon  
  111  8:15  Pylon  
  111  8:23  Stalker x2  
  111  8:24  Stalker x2  
  119  8:49  Adept x3  
  119  8:50  Adept x2  
  95  9:42  Observer x2 (Chrono Boost)  
  97  9:49  Sentry x2  
  97  9:51  Stalker  
  93  10:12  Stalker x2  
  89  10:19  Pylon  
  77  10:27  Zealot  
  77  10:28  Zealot  
  75  10:37  Zealot x2  
  63  10:54  Zealot x2  
  54  11:19  Pylon  
  54  11:23  Gateway  
  54  11:25  Gateway  
  54  11:28  Charge (Chrono Boost)  
  54  11:29  Gateway x2  
  54  11:42  Pylon x2  
  54  11:46  Pylon  
  54  11:48  Pylon  
  54  11:49  Pylon  
  54  11:56  Pylon  
  54  12:00  Gateway  
  53  12:05  Gateway  
  53  12:07  Adept x4  
  61  12:14  Gateway  
  61  12:15  Immortal  
  61  12:16  Gateway  
  61  12:20  Immortal  
  67  12:23  Probe x2, Gateway  
  67  12:27  Nexus  
  63  12:35  Probe  
  64  12:45  Pylon  
  64  12:46  Probe  
  64  12:47  Probe  
  67  12:58  Probe  
  67  12:59  Probe  
  68  13:09  Forge  
  68  13:10  Probe  
  68  13:11  Gateway  
  69  13:13  Pylon  
  69  13:20  Pylon  
  69  13:32  Probe  
  69  13:33  Pylon  
  70  13:47  Templar Archives  
  70  14:16  Photon Cannon  
  70  14:19  Photon Cannon  
  70  14:22  Pylon  
  70  14:28  Pylon, Probe  
  70  14:29  Probe  
  72  14:33  Pylon  
  72  14:43  Adept x2  
  72  14:44  Adept x2  
  72  14:45  Adept x2  
  82  14:46  Adept x2  
  82  14:47  Adept x2  
  82  14:49  Adept  
  82  14:52  Adept  
  79  15:41  Zealot x3  
  79  15:42  Zealot x5  
  84  15:43  Zealot x4  
Show
View Real Time Build Order
Export as new Build Order

Dionysus Protoss - Winner!

Build Orders: Nexus First 

Get SALT Encoding   

  12  0:30  Probe (Chrono Boost)  
  13  0:40  Probe (Chrono Boost)  
  14  0:51  Probe (Chrono Boost)  
  15  1:03  Nexus  
  15  1:09  Pylon  
  15  1:25  Pylon  
  15  1:27  Probe (Chrono Boost)  
  15  1:30  Assimilator  
  16  1:34  Assimilator  
  16  1:36  Pylon  
  16  1:37  Probe (Chrono Boost)  
  17  1:48  Probe (Chrono Boost)  
  17  1:51  Forge  
  18  2:02  Probe (Chrono Boost)  
  18  2:04  Gateway  
  19  2:17  Pylon  
  19  2:46  Probe x2 (Chrono Boost)  
  21  2:56  Probe x2 (Chrono Boost)  
  23  3:07  Probe (Chrono Boost)  
  23  3:08  Assimilator  
  23  3:09  Assimilator  
  23  3:12  Photon Cannon  
  24  3:16  Probe (Chrono Boost)  
  24  3:17  Probe (Chrono Boost)  
  26  3:26  Probe (Chrono Boost)  
  27  3:28  Probe (Chrono Boost)  
  27  3:30  Photon Cannon  
  27  3:34  Photon Cannon  
  28  3:42  Zealot  
  28  3:43  Pylon  
  30  3:54  Probe (Chrono Boost)  
  31  3:56  Gateway  
  31  4:04  Probe (Chrono Boost)  
  32  4:11  Cybernetics Core  
  32  4:15  Probe (Chrono Boost)  
  32  4:16  Photon Cannon  
  33  4:20  Gateway  
  33  4:26  Probe (Chrono Boost)  
  33  4:27  Gateway  
  34  4:36  Probe (Chrono Boost)  
  35  4:40  Gateway  
  35  4:44  Pylon  
  35  4:47  Probe (Chrono Boost)  
  35  4:50  Stalker x2  
  40  4:56  Protoss Ground Weapons Level 1 (Chrono Boost)  
  40  4:57  Probe (Chrono Boost)  
  41  5:07  Warp Gate  
  41  5:09  Probe, Forge  
  42  5:14  Twilight Council  
  42  5:17  Photon Cannon  
  42  5:19  Stalker  
  42  5:20  Sentry, Stalker x2  
  50  5:46  Probe  
  50  5:47  Sentry  
  55  5:50  Sentry  
  55  5:57  Probe  
  55  5:59  Photon Cannon  
  55  6:00  Photon Cannon  
  55  6:01  Photon Cannon  
  55  6:02  Photon Cannon  
  56  6:08  Probe  
  56  6:09  Photon Cannon  
  57  6:13  Stalker  
  59  6:18  Probe  
  60  6:28  Dark Shrine  
  60  6:29  Pylon, Probe  
  60  6:31  Charge  
  61  6:33  Protoss Ground Armor Level 1 (Chrono Boost)  
  61  6:38  Zealot  
  65  6:40  Sentry  
  65  6:48  Protoss Ground Weapons Level 2 (Chrono Boost)  
  65  6:53  Robotics Facility  
  65  6:58  Photon Cannon  
  65  7:01  Protoss Air Weapons Level 1  
  65  7:04  Photon Cannon  
  65  7:34  Nexus, Stalker x2  
  65  7:35  Stalker  
  71  7:47  Photon Cannon  
  71  7:54  Photon Cannon  
  71  8:01  Assimilator  
  71  8:03  Pylon, Assimilator  
  71  8:07  Pylon  
  71  8:08  Dark Templar x2  
  71  8:11  Pylon  
  75  8:14  Pylon  
  75  8:15  Dark Templar x2  
  79  8:22  Warp Prism  
  79  8:26  Resonating Glaives  
  81  8:40  Stargate  
  81  8:42  Pylon  
  81  8:45  Pylon  
  81  8:51  Photon Cannon  
  81  8:53  Protoss Shields Level 1 (Chrono Boost)  
  81  8:54  Photon Cannon  
  81  8:56  Photon Cannon  
  81  9:03  Pylon  
  81  9:04  Dark Templar  
  80  9:10  Dark Templar x2  
  80  9:12  Dark Templar  
  85  9:19  Dark Templar  
  85  9:21  Dark Templar  
  85  9:32  Pylon  
  85  9:35  Pylon  
  85  9:37  Pylon  
  85  9:40  Pylon  
  85  9:43  Dark Templar  
  85  9:44  Dark Templar x2  
  83  9:47  Zealot  
  73  10:06  Dark Templar  
  67  10:09  Zealot  
  65  10:17  Photon Cannon  
  65  10:20  Photon Cannon  
  59  10:22  Photon Cannon  
  49  10:36  Protoss Ground Weapons Level 3 (Chrono Boost)  
  49  10:42  Zealot x2  
  53  10:44  Zealot  
  55  10:50  Probe  
  55  10:54  Protoss Ground Armor Level 2 (Chrono Boost)  
  55  10:55  Probe  
  57  11:01  Probe  
  52  11:07  Zealot x2  
  52  11:11  Probe  
  52  11:14  Stalker  
  52  11:17  Zealot  
  57  11:22  Probe  
  58  11:30  Photon Cannon  
  58  11:33  Photon Cannon  
  58  11:36  Photon Cannon  
  58  11:39  Protoss Air Armor Level 1  
  58  11:43  Dark Templar  
  60  11:47  Zealot  
  60  11:49  Zealot  
  60  11:52  Zealot  
  66  12:02  Warp Prism  
  68  12:17  Dark Templar x3  
  68  12:19  Dark Templar  
  75  12:36  Dark Templar  
  77  12:51  Dark Templar x3  
  77  12:52  Dark Templar  
  85  13:01  Immortal  
  89  13:16  Mothership Core  
  91  13:22  Zealot  
  91  13:23  Zealot  
  91  13:24  Zealot  
  97  13:28  Sentry  
  97  13:29  Sentry  
  101  13:40  Probe  
  102  13:51  Probe  
  102  13:52  Observer  
  104  14:00  Stalker  
  104  14:01  Probe  
  106  14:03  Stalker  
  109  14:12  Probe  
  110  14:23  Probe  
  111  14:41  Zealot x2  
  115  14:47  Stalker  
  115  14:51  Stalker  
Tags
 
Matchup
PvP
Replay Pack
From the laptop
Spawn Locations
Cross Positions
Add a new tag
Caveats
  • Supply blocks, unpowered buildings, or Contaminate may cause inaccurate times.
  • Supply counts are checked every 10 seconds.